Map: Deathaura LE

Players

Epic

  • Race: Terran Terran
  • League: Grandmaster
  • Spawn Location: 5:00

MaSa - Winner!

  • Race: Terran Terran
  • League: Master
  • Spawn Location: 11:00

Event: DreamHack SC2 Masters 2020 Winter

VOD

Have the link to the VOD?

Description

Time

  • Played on: Oct. 17, 2020, 8:55 p.m.
  • Length: 7:41

All games in this series

Show
View Real Time Build Order
Export as new Build Order

Epic Terran 

Build Orders: Reaper Expand 

Get SALT Encoding   

  12  0:00  SCV  
  13  0:12  SCV  
  14  0:16  Supply Depot  
  14  0:24  SCV  
  15  0:38  SCV  
  15  0:39  Barracks  
  15  0:42  Refinery  
  16  0:50  SCV  
  17  1:02  SCV  
  18  1:14  SCV  
  19  1:26  Orbital Command  
  19  1:27  Reaper  
  20  1:41  Command Center  
  20  1:50  Supply Depot  
  20  1:53  SCV  
  21  1:59  Marine  
  22  2:05  SCV  
  23  2:08  Factory  
  23  2:17  Marine  
  23  2:18  Bunker  
  23  2:21  SCV  
  25  2:31  Refinery  
  25  2:35  Barracks Reactor  
  25  2:36  SCV  
  26  2:48  SCV  
  27  2:52  Factory Tech Lab  
  27  2:54  Orbital Command  
  27  3:03  SCV  
  27  3:10  Cyclone  
  30  3:16  SCV  
  28  3:20  SCV, Marine x2  
  31  3:28  SCV  
  32  3:36  Starport  
  32  3:37  SCV  
  32  3:39  Marine x2  
  32  3:40  SCV  
  35  3:43  Cyclone  
  38  3:49  SCV  
  38  3:52  SCV  
  40  3:58  Supply Depot, Marine x2  
  40  4:01  SCV  
  40  4:08  SCV  
  41  4:13  SCV  
  42  4:17  Marine x2  
  42  4:20  Raven  
  42  4:22  SCV  
  47  4:24  Barracks  
  47  4:25  SCV  
  47  4:28  Supply Depot, Barracks  
  48  4:34  SCV  
  48  4:37  SCV, Refinery  
  48  4:38  Factory Tech Lab  
  50  4:40  Marine x2  
  51  4:47  SCV  
  51  4:50  SCV  
  47  4:57  Siege Tank  
  47  4:59  SCV  
  51  5:02  SCV  
  51  5:03  Engineering Bay  
  52  5:11  SCV  
  52  5:13  Supply Depot, Refinery  
  52  5:14  Starport Reactor  
  53  5:17  SCV  
  53  5:19  Stimpack  
  54  5:23  Marine x2  
  54  5:24  SCV  
  54  5:25  Barracks Reactor  
  57  5:29  SCV  
  57  5:32  Supply Depot, Marine  
  59  5:37  SCV  
  59  5:39  Siege Tank  
  59  5:41  SCV  
  64  5:44  Supply Depot  
  64  5:51  Medivac  
  64  5:52  SCV  
  64  5:53  Marine x3  
  64  5:54  SCV  
  64  5:55  Supply Depot  
  71  5:58  Medivac  
  72  6:06  SCV x2  
  72  6:08  Supply Depot, Marine x2  
  72  6:11  Marine x3  
  76  6:21  Siege Tank  
  78  6:26  Marine x2  
  78  6:29  Marine x3  
  78  6:30  SCV x2  
  81  6:39  Medivac x2  
  82  6:46  SCV x2  
  75  6:52  Marine x2  
  75  6:53  Marine x3  
  78  6:54  Siege Tank  
  78  7:06  SCV x2  
  77  7:10  Marine x4  
  77  7:11  Marine  
  82  7:19  SCV x2  
  89  7:31  Command Center  
Show
View Real Time Build Order
Export as new Build Order

MaSa Terran - Winner!

Build Orders:  

Get SALT Encoding   

  12  0:00  SCV  
  13  0:12  SCV  
  14  0:17  Supply Depot  
  14  0:24  SCV  
  15  0:38  SCV  
  15  0:39  Barracks  
  16  0:42  Refinery  
  16  0:50  SCV  
  16  0:55  Refinery  
  17  1:02  SCV  
  18  1:15  SCV  
  19  1:26  Reaper  
  19  1:27  Orbital Command  
  20  1:41  Factory  
  20  1:45  Supply Depot  
  20  1:53  SCV  
  21  1:58  Reaper  
  22  2:06  SCV  
  23  2:18  SCV  
  23  2:21  Command Center  
  24  2:33  Hellion  
  24  2:34  Barracks Reactor  
  24  2:35  SCV  
  26  2:43  Starport  
  26  2:49  SCV  
  27  2:52  Supply Depot  
  27  2:56  Widow Mine  
  29  3:01  SCV  
  29  3:13  SCV  
  30  3:25  SCV  
  30  3:26  Marine  
  30  3:27  Marine  
  31  3:28  Medivac, Factory Tech Lab  
  34  3:37  SCV, Orbital Command  
  35  3:46  Marine x2  
  37  3:49  Cyclone  
  37  3:50  SCV  
  41  4:01  Starport Tech Lab  
  41  4:02  SCV  
  42  4:04  SCV  
  42  4:06  Refinery  
  42  4:07  Marine x2  
  45  4:14  SCV  
  45  4:16  SCV  
  47  4:19  Raven  
  47  4:20  Supply Depot  
  49  4:25  Marine x2  
  49  4:26  SCV  
  49  4:28  SCV  
  49  4:29  Supply Depot  
  53  4:38  SCV  
  54  4:42  SCV, Marine x2, Siege Tank  
  60  4:50  SCV  
  54  4:54  SCV  
  54  4:56  Command Center  
  54  5:02  SCV  
  54  5:06  SCV  
  56  5:08  Supply Depot  
  56  5:09  Refinery  
  56  5:14  Siege Tank  
  56  5:15  Viking  
  56  5:17  Viking  
  56  5:19  Marine  
  56  5:21  SCV  
  65  5:26  Supply Depot  
  65  5:29  Stimpack  
  65  5:31  SCV  
  65  5:34  Supply Depot  
  66  5:42  SCV, Marine  
  68  5:45  Liberator  
  68  5:47  Viking  
  73  5:50  SCV  
  73  5:56  SCV  
  71  6:03  SCV  
  72  6:04  Siege Tank  
  75  6:11  SCV  
  75  6:18  SCV  
  73  6:24  SCV  
  73  6:29  Marine  
  73  6:31  Orbital Command, Barracks  
  73  6:32  SCV, Barracks  
  74  6:36  Siege Tank  
  75  6:42  SCV  
  75  6:46  SCV  
  67  6:56  Marine  
  67  6:57  SCV  
  67  6:58  SCV  
  70  7:03  Viking  
  70  7:04  Viking  
  70  7:07  Engineering Bay x2  
  74  7:08  Siege Tank  
  74  7:12  SCV x2  
  74  7:14  Marine  
  74  7:15  SCV, Supply Depot  
  81  7:20  Barracks Reactor  
  81  7:22  Barracks Reactor  
  81  7:27  SCV  
Tags
 
Add a new tag
Caveats
  • Supply blocks, unpowered buildings, or Contaminate may cause inaccurate times.
  • Supply counts are checked every 10 seconds.